 Dungeon Crawl Stone Soup version 0.30-a0-627-gc11e7ae810 (webtiles) character file.

Game seed: 13187336852199299139

168592 Decipherer the Tortoise (level 17, -1/142 HPs)
             Began as a Minotaur Berserker on Jan 12, 2023.
             Was an Elder of Trog.
             Slain by a spriggan berserker
             ... wielding a +2 antimagic war axe
              (16 damage)
             ... on level 3 of the Depths.
             The game lasted 01:02:37 (33282 turns).

Decipherer the Tortoise (Minotaur Berserker)       Turns: 33282, Time: 01:02:37

Health: -1/142     AC: 35    Str: 32    XL:     17   Next: 33%
Magic:  10/16      EV: 11    Int: 10    God:    Trog [****..]
Gold:   909        SH:  0    Dex: 19    Spells: 16/16 levels left

rFire   + + +      SeeInvis .    i - +2 whip of Uncomfortable Rashes {heavy, *Corrode rF+++ rC++ Str-2 Dex+3}
rCold   + . .      Faith    .    r - +2 tower shield
rNeg    + . .      Spirit   .    A - +2 plate armour "Foetomp" {rC- rN+ rCorr}
rPois   +          Reflect  .    Q - +2 hat of Midnight {*Corrode rElec rPois Int+6}
rElec   +          Harm     .    X - +0 cloak
rCorr   +          Rampage  .    F - +0 pair of gloves "Xeset" {rF+ Stlth+}
Will    +....                    e - +3 pair of boots "Rafeclar" {Dex+4} Stlth
                                 N - amulet of the acrobat
HPRegen 0.43/turn                f - +6 ring of strength
MPRegen 0.15/turn                k - +4 ring of protection

@: confused, mighty, ambrosia-drunk, on berserk cooldown, slowed, very slow
A: horns 2, retaliatory headbutt, frail 1
a: Renounce Religion, Berserk, Trog's Hand, Brothers in Arms


You were on level 3 of the Depths.
You worshipped Trog.
Trog was greatly pleased with you.
You visited 5 branches of the dungeon, and saw 26 of its levels.
You visited the Abyss 1 time.

You collected 3120 gold pieces.
You spent 2211 gold pieces at shops.

Inventory:

Hand Weapons
 i - the +2 whip of Uncomfortable Rashes (weapon) {heavy, *Corrode rF+++ rC++ Str-2 Dex+3}
   (You found it on level 5 of the Dungeon)

   Str:       It affects your strength (-2).
   Dex:       It affects your dexterity (+3).
   rF:        It renders you almost immune to fire.
   rC:        It greatly protects you from cold.
   *Corrode:  It may corrode you when you take damage.
 R - the +8 demon trident "Impslayer" {heavy, *Noise Fly rElec rPois}
   (Trog gifted it to you on level 4 of the Lair of Beasts)

   rElec:     It insulates you from electricity.
   rPois:     It protects you from poison.
   Fly:       It grants you flight.
   *Noise:    It may make noises in combat.
Missiles
 j - 2 boomerangs of dispersal
 l - 20 javelins
 m - 48 poisoned darts (quivered)
 x - 8 boomerangs
 B - 8 curare-tipped darts
 L - 6 datura-tipped darts
Armour
 b - the +4 plate armour of Gravitas {Rampage *Slow rN+}
   (You found it on level 3 of the Dungeon)

   rN:        It protects you from negative energy.
   *Slow:     It may slow you when you take damage.
   Rampage:   It bestows one free step when moving towards enemies.
 e - the +3 pair of boots "Rafeclar" (worn) {Dex+4}
   (You acquired it on level 4 of the Dungeon)

   Dex:       It affects your dexterity (+4).
 r - a +2 tower shield (worn)
 A - the +2 plate armour "Foetomp" (worn) {rC- rN+ rCorr}
   (You took it off an orc knight on level 2 of the Orcish Mines)

   rC:        It makes you vulnerable to cold.
   rN:        It protects you from negative energy.
   rCorr:     It protects you from acid and corrosion.
 F - the +0 pair of gloves "Xeset" (worn) {rF+ Stlth+}
   (You bought it in a shop on level 9 of the Dungeon)

   rF:        It protects you from fire.
   Stlth:     It makes you more stealthy.
 Q - the +2 hat of Midnight (worn) {*Corrode rElec rPois Int+6}
   (You found it on level 1 of the Orcish Mines)

   Int:       It affects your intelligence (+6).
   rElec:     It insulates you from electricity.
   rPois:     It protects you from poison.
   *Corrode:  It may corrode you when you take damage.
 X - a +0 cloak (worn)
Jewellery
 f - a +6 ring of strength (left hand)
 k - a +4 ring of protection (right hand)
 N - an amulet of the acrobat (around neck)
Wands
 a - a wand of iceblast (31)
 h - a wand of flame (52)
 n - a wand of polymorph (4)
 u - a wand of light (3)
 y - a wand of paralysis (20)
 z - a wand of mindburst (17)
 D - a wand of digging (4)
Scrolls
 o - 2 scrolls of vulnerability
 p - 2 scrolls of magic mapping
 q - 3 scrolls of poison
 v - a scroll of fog
 E - a scroll of butterflies
 J - 3 scrolls of fear
 P - a scroll of enchant weapon
 S - a scroll of teleportation
 T - 8 scrolls of identify
Potions
 c - 5 potions of might
 g - 4 potions of lignification
 w - 11 potions of mutation
 C - 5 potions of berserk rage
 G - 4 potions of resistance
 I - 3 potions of cancellation
 K - 5 potions of haste
 M - 2 potions of flight
 O - 3 potions of invisibility
 V - a potion of experience {unknown}
 W - a potion of magic
Miscellaneous
 s - a condenser vane
 t - a phial of floods
 H - a tin of tremorstones (2/2)


   Skills:
 + Level 16.3 Fighting
 + Level 17.0 Maces & Flails
 + Level 4.1 Polearms
 + Level 10.9 Throwing
 + Level 19.4 Armour
 + Level 6.9 Dodging
 + Level 2.8 Stealth
 + Level 17.8 Shields


You had 16 spell levels left.
You didn't know any spells.
Your spell library contained the following spells:

 Spells                   Type           Power      Damage    Failure   Level
 Freeze                   Ice            0%         1d3       98%         1
 Blink                    Tloc           0%         N/A       99%         2
 Call Imp                 Summ           0%         N/A       99%         2
 Frozen Ramparts          Ice            0%         1d1       100%        3
 Gell's Gravitas          Tloc           0%         N/A       100%        3
 Hailstorm                Conj/Ice       0%         3d3       100%        3
 Lesser Beckoning         Tloc           0%         N/A       100%        3
 Portal Projectile        Hex/Tloc       0%         N/A       100%        3
 Teleport Other           Tloc           0%         N/A       100%        3
 Tukima's Dance           Hex            0%         N/A       100%        3
 Manifold Assault         Tloc           0%         N/A       100%        4
 Blade Hands              Tmut           0%         N/A       100%        5
 Fireball                 Conj/Fire      0%         3d3       100%        5
 Iskenderun's Battlesphe  Conj           0%         2d6       100%        5
 Conjure Ball Lightning   Conj/Air       0%         3x3d6     100%        6
 Statue Form              Tmut/Erth      0%         N/A       100%        6
 Orb of Destruction       Conj           0%         9d5       100%        7
 Storm Form               Tmut/Air       0%         N/A       100%        7
 Summon Hydra             Summ           0%         N/A       100%        7
 Dragon's Call            Summ           0%         N/A       100%        9


Dungeon Overview and Level Annotations

Branches:
Dungeon (15/15)            Temple (0/1) D:6            Lair (5/5) D:10
  Swamp (1/4) Lair:3        Snake (0/4) Lair:3        Slime (0/5) Lair:4
    Orc (2/2) D:9             Elf (0/3) Orc:2        Vaults (0/5) D:13
 Depths (3/4) D:15

Altars:
Dithmenos
Gozag
Nemelex Xobeh
Qazlal
Ru
Sif Muna
Trog
Uskayaw
Vehumet
Xom
Zin
Jiyva

Shops:
D:7 *   D:9 (::[[   Orc:2 !!!!

Portals:
Hell: Depths:1 Depths:2
Pandemonium: Depths:2

Annotations:
D:5 2 transporters, Citaku's ghost, novice MiFi
Depths:2 1 transporter


Innate Abilities, Weirdness & Mutations

You have a pair of horns on your head.
You reflexively headbutt those who attack you in melee.
You are frail. (-10% HP)


Message History

You block the death yak's attack.
You block the spriggan berserker's attack.
The spriggan rider barely misses you. The death yak gores you!
* * * LOW HITPOINT WARNING * * *
The spriggan berserker hits you but does no damage.
You block the spriggan rider's attack. x2; The death yak barely misses you.
Okay, then.
Okay, then.
You're still recovering from your berserk rage.
As you read the scroll of fear, it crumbles to dust.
You assume a fearsome visage.
The spriggan berserker is unaffected.
The spriggan rider looks frightened!
The death yak is unaffected.
The spriggan rider resists with almost no effort.
Your surroundings suddenly seem different.
You are no longer corroded.
You block the spriggan berserker's attack.
Okay, then.
You block the spriggan berserker's attack. x2
You block the spriggan berserker's attack.
You hear a bellow!
You hear a bellow!
You block the spriggan berserker's attack.
You hear a bellow!
The spriggan berserker hits you with a +2 antimagic war axe.
* * * LOW HITPOINT WARNING * * *
Okay, then.
Okay, then.
Okay, then.
Okay, then.
Okay, then.
Okay, then.
You miss the spriggan berserker.
You block the spriggan berserker's attack.
You hear a bellow!
The spriggan berserker hits you but does no damage.
Okay, then.
You are confused.
You feel invigorated.
The spriggan berserker hits you with a +2 antimagic war axe!
You die...

# #.#####.###.###
# #..........i.i.
######..# #i#
.=......####.#####
######......Yi...#
# #.#####.###.# #
#.# #.....# # #.#
#####i# # #.# #@#
######.# #.###.#
.......# #.....#
######.# #.###.# #
#.#########.# #
#...........# #
#....######.# #
####.# #.# # #.#
#.#


You could see a spriggan berserker (berserk, regenerating, strong-willed).

Vanquished Creatures
  A titan (Depths:1)
  2 liches (Depths:2)
  A storm dragon (Depths:3)
  The ghost of bosakos the Bludgeoner, an adept MiFi of Okawaru (Orc:1)
  A thorn hunter (Swamp:1)
  3 frost giants
  3 fire giants
  An orc warlord (Orc:1)
  A juggernaut zombie (Depths:3)
  7 very ugly things
  4 stone giants
  3 bunyips (Swamp:1)
  A lorocyproca (Depths:2)
  2 spark wasps (Depths:1)
  6 ettins
  3 fire dragons
  A vault guard (D:13)
  A spriggan zombie (Depths:3)
  3 ice dragons
  9 hydras
  A ghost crab (Swamp:1)
  A rakshasa (D:15)
  3 boulder beetles
  7 centaur warriors
  Erolcha (D:11)
  A merfolk avatar (Lair:5)
  2 alligators (Swamp:1)
  2 two-headed ogres (D:12)
  2 deep troll earth magi (Depths:2)
  9 deep troll shamans
  3 tengu warriors (Depths:1)
  6 orc high priests
  2 spriggan berserkers
  A thrashing horror (Abyss:2)
  10 hell knights
  A sun demon (Depths:2)
  4 skeletal warriors
  A titan skeleton (D:15)
  A fire crab (Lair:3)
  A sea snake (Lair:5)
  4 iron trolls
  2 swamp dragons (Swamp:1)
  11 deep trolls
  2 deep elf pyromancers (D:15)
  2 necromancers (Depths:2)
  7 orc knights
  A harpy (Lair:5)
  An iron dragon zombie (Depths:3)
  5 ugly things
  A sphinx skeleton (Depths:3)
  A fire giant zombie (D:15)
  4 orc sorcerers
  11 elephants
  A stone giant zombie (D:15)
  A manticore (D:12)
  10 cyclopes
  10 black mambas
  A demonic crawler (Lair:1)
  Joseph (D:10)
  2 gargoyles
  7 cane toads
  A kobold demonologist (D:9)
  4 rime drakes
  An unseen horror (D:11)
  An efreet (D:14)
  A freezing wraith (D:14)
  8 komodo dragons
  A spark wasp simulacrum (Depths:3)
  6 tengu conjurers
  6 meliai
  A troll (Orc:1)
  A meliai (shapeshifter) (D:14)
  3 polar bears
  2 wind drakes (Lair:5)
  8 hornets
  24 blink frogs
  2 tyrant leeches
  3 dream sheep (Lair:4)
  Grinder (D:5)
  2 snapping turtles (Lair:5)
  A centaur simulacrum (D:15)
  A spriggan (shapeshifter) (D:15)
  13 slime creatures
  35 yaks
  6 spriggans (Swamp:1)
  A shadow (D:10)
  5 wraiths
  6 wyverns
  2 vampires
  A ynoxinul (Depths:2)
  11 humans (D:13)
  An ettin skeleton (D:15)
  2 steam dragons
  2 neqoxecs (Depths:2)
  Menkaure (D:4)
  7 wargs
  9 swamp worms
  Duvessa (D:4)
  3 acid dragons
  23 water moccasins
  2 swamp drakes (Swamp:1)
  5 sky beasts (Depths:1)
  36 orc warriors
  2 ice beasts (D:7)
  2 black bears
  7 ogres
  18 wolves
  9 centaurs
  A phantom (D:5)
  20 kobold brigands
  2 necrophages
  14 bullfrogs
  A gnoll sergeant (D:13)
  4 wights (D:10)
  Dowan (D:4)
  3 killer bees (D:8)
  4 howler monkeys
  A hound (D:7)
  7 jellies
  26 orc priests
  4 starcursed masses (Abyss:2)
  2 gnoll boudas
  3 iguanas
  29 orc wizards
  10 gnolls
  8 adders
  3 river rats (D:6)
  2 shadow imps
  A white imp (D:7)
  An ufetubus (D:5)
  2 worms
  2 dart slugs
  102 orcs
  8 endoplasms
  3 giant cockroaches
  5 goblins
  12 hobgoblins
  7 jackals (D:2)
  34 kobolds
  6 quokkas
  10 ball pythons
  3 bats
  A frilled lizard (D:1)
  4 rats
832 creatures vanquished.

Vanquished Creatures (collateral kills)
  A tentacled starspawn (D:14)
  An entropy weaver (shapeshifter) (D:13)
  A catoblepas (D:13)
  A hydra (D:13)
  Sonja (Lair:5)
  Urug (Lair:5)
  3 skeletal warriors (D:13)
  A flayed ghost (D:15)
  A necromancer (D:15)
  3 orc knights (Orc:2)
  An orc sorcerer (Orc:2)
  An ugly thing (D:13)
  An elephant (Lair:5)
  2 cane toads (Lair:5)
  2 komodo dragons
  A troll (Orc:2)
  A wind drake (Lair:5)
  A polar bear (Lair:5)
  4 dream sheep (Lair:4)
  3 blink frogs (Lair:5)
  A wyvern (Lair:5)
  2 basilisks
  6 yaks (Lair:5)
  2 vampire mosquitoes (D:13)
  2 orc warriors (Orc:2)
  2 starcursed masses (D:14)
  An orc priest (Orc:2)
  An orc wizard (Orc:2)
  6 orcs (Orc:2)
  3 starspawn tentacles (D:14)
57 creatures vanquished.

Vanquished Creatures (others)
  2 wizards
  A tengu conjurer (Depths:2)
  2 orc priests (Orc:2)
  A hound (D:6)
  An iguana (D:6)
  An orc wizard (Orc:2)
  4 orcs
  22 fungi
  61 plants
  5 starspawn tentacles (D:14)
  5 toadstools (D:1)
  16 withered plants (D:15)
121 creatures vanquished.

Grand Total: 1010 creatures vanquished

Notes
Turn   | Place    | Note
-------+----------+-------------------------------------------
     0 | D:1      | Decipherer the Minotaur Berserker began the quest for the
                  | Orb.
     0 | D:1      | Reached XP level 1. HP: 19/19 MP: 0/0
   188 | D:1      | Reached XP level 2. HP: 23/27 MP: 1/1
   788 | D:1      | Reached XP level 3. HP: 32/33 MP: 2/2
   998 | D:2      | Found a faded altar of an unknown god.
  1034 | D:2      | Reached ** piety under Trog
  1304 | D:2      | Reached XP level 4. HP: 26/40 MP: 3/3
  1706 | D:2      | Noticed a necrophage
  1715 | D:2      | Killed a necrophage
  1716 | D:2      | Reached skill level 5 in Maces & Flails
  1716 | D:2      | Reached XP level 5. HP: 47/47 MP: 4/4
  2333 | D:3      | Found a hide-covered altar of Uskayaw.
  2371 | D:3      | Identified the +4 plate armour of Gravitas {Rampage *Slow
                  | rN+}
  2434 | D:3      | Reached skill level 3 in Armour
  2995 | D:4      | Noticed an orc warrior
  3003 | D:4      | Killed an orc warrior
  3004 | D:4      | Reached skill level 5 in Fighting
  3004 | D:4      | Reached XP level 6. HP: 56/56 MP: 5/5
  3022 | D:4      | Identified a scroll of acquirement
  3022 | D:4      | Acquired the +3 pair of boots "Rafeclar" {Dex+4}
  3196 | D:4      | Found a shimmering altar of Xom.
  3765 | D:4      | Noticed Menkaure
  3769 | D:4      | Killed Menkaure
  3770 | D:4      | Reached skill level 4 in Armour
  3770 | D:4      | Reached XP level 7. HP: 61/61 MP: 6/6
  3773 | D:4      | Noticed Duvessa
  3773 | D:4      | Noticed Dowan
  3783 | D:4      | Killed Duvessa
  3784 | D:4      | Reached skill level 1 in Stealth
  3787 | D:4      | Killed Dowan
  3905 | D:5      | Entered Level 5 of the Dungeon
  3953 | D:5      | Reached skill level 5 in Armour
  3988 | D:5      | Reached *** piety under Trog
  4058 | D:5      | Noticed Grinder
  4058 | D:5      | Paralysed by Grinder for 5 turns
  4080 | D:5      | Found a transporter.
  4081 | D:5      | Noticed Citaku's ghost (novice MiFi)
  4126 | D:5      | Found a transporter.
  4154 | D:5      | Identified the +2 whip of Uncomfortable Rashes {heavy,
                  | *Corrode rF+++ rC++ Str-2 Dex+3}
  4204 | D:5      | Paralysed by Grinder for 2 turns
  4208 | D:5      | Killed Grinder
  4209 | D:5      | Reached XP level 8. HP: 70/70 MP: 7/7
  4356 | D:5      | Found a shadowy altar of Dithmenos.
  4356 | D:5      | Found a glowing silver altar of Zin.
  4566 | D:6      | Reached skill level 6 in Armour
  4850 | D:6      | Found a staircase to the Ecumenical Temple.
  5222 | D:7      | Reached skill level 10 in Maces & Flails
  5222 | D:7      | Reached XP level 9. HP: 76/80 MP: 8/8
  5261 | D:7      | Found Ulatogos's General Store.
  5305 | D:7      | Reached **** piety under Trog
  5353 | D:7      | Identified the +1 dagger "Concordance" {elec, *Rage rC+
                  | Will+}
  5393 | D:7      | Reached skill level 7 in Armour
  6089 | D:8      | Reached skill level 8 in Armour
  6267 | D:8      | Noticed a centaur warrior
  6276 | D:8      | Killed a centaur warrior
  6277 | D:8      | Reached XP level 10. HP: 91/91 MP: 9/9
  6282 | D:8      | Reached skill level 9 in Armour
  6290 | D:8      | You fall into a shaft and drop 1 floor!
  6379 | D:9      | Reached skill level 10 in Fighting
  6501 | D:8      | Identified the +2 scale mail of Classification {*Corrode
                  | Regen+ Dex+3}
  6828 | D:9      | Noticed a rust devil
  6868 | D:9      | Reached skill level 5 in Dodging
  7049 | D:9      | Found Eguts's Armour Boutique.
  7057 | D:9      | Bought the +0 pair of gloves "Xeset" {rF+ Stlth+} for 276
                  | gold pieces
  7100 | D:9      | Reached ***** piety under Trog
  7105 | D:9      | Reached skill level 10 in Armour
  7121 | D:9      | Found a staircase to the Orcish Mines.
  7226 | D:9      | Found Paoraic's Antique Armour Shop.
  7287 | D:9      | Found Iven's Book Shop.
  7427 | D:9      | Received a gift from Trog
  7470 | D:9      | Found Vomyusoo's Weapon Shop.
  7719 | D:9      | Found Jarim's Book Emporium.
  7746 | D:10     | Entered Level 10 of the Dungeon
  7778 | D:10     | Reached XP level 11. HP: 97/102 MP: 10/10
  8071 | D:10     | Reached skill level 11 in Armour
  8269 | D:10     | Noticed Joseph
  8282 | D:10     | Killed Joseph
  8460 | D:10     | Found a staircase to the Lair.
  8556 | D:11     | Noticed Erolcha
  8573 | D:11     | Killed Erolcha
  8807 | D:11     | Noticed a boulder beetle
  8822 | D:11     | Killed a boulder beetle
  9256 | D:11     | Reached skill level 12 in Armour
  9705 | D:12     | Noticed a two-headed ogre
  9713 | D:12     | Killed a two-headed ogre
  9758 | D:12     | Noticed a white ugly thing
  9766 | D:12     | Killed a white ugly thing
 10181 | D:12     | Noticed a two-headed ogre
 10189 | D:12     | Killed a two-headed ogre
 10197 | D:12     | Reached XP level 12. HP: 113/113 MP: 11/11
 10335 | D:12     | Reached skill level 13 in Armour
 10963 | D:13     | a basilisk changed into an entropy weaver
 10963 | D:13     | Noticed an entropy weaver (shapeshifter)
 10966 | D:13     | Killed an entropy weaver
 10967 | D:13     | Reached skill level 14 in Armour
 10969 | D:13     | Noticed a four-headed hydra
 10971 | D:13     | Killed a five-headed hydra
 10973 | D:13     | Noticed a catoblepas
 10974 | D:13     | Killed a catoblepas
 11163 | D:13     | Noticed a boulder beetle
 11175 | D:13     | Killed a boulder beetle
 11316 | D:13     | Reached skill level 15 in Maces & Flails
 11316 | D:13     | Reached skill level 15 in Armour
 11581 | D:13     | Noticed a vault guard
 11591 | D:13     | Killed a vault guard
 11620 | D:13     | Found a gate to the Vaults.
 11718 | D:13     | Reached skill level 16 in Armour
 11907 | D:14     | Noticed a centaur warrior
 11923 | D:14     | Killed a centaur warrior
 11970 | D:14     | Noticed a centaur warrior
 11984 | D:14     | Killed a centaur warrior
 11985 | D:14     | Reached XP level 13. HP: 114/122 MP: 12/12
 12017 | D:14     | Reached skill level 1 in Shields
 12346 | D:14     | Found a sparkling altar of Nemelex Xobeh.
 12909 | Abyss:2  | Cast into level 2 of the Abyss (a wizard)
 12938 | Abyss:2  | Noticed a starcursed mass
 12967 | Abyss:2  | Paralysed by accursed screaming for 1 turns
 12970 | Abyss:2  | Noticed a tentacled starspawn
 12971 | Abyss:2  | Paralysed by accursed screaming for 1 turns
 12979 | D:14     | Escaped the Abyss
 12986 | D:14     | HP: 3/123 [tentacled starspawn (16)]
 12994 | D:14     | Killed a tentacled starspawn
 12995 | D:14     | Reached skill level 5 in Shields
 13492 | D:15     | Entered Level 15 of the Dungeon
 13927 | D:15     | Found a sacrificial altar of Ru.
 13951 | D:15     | Reached skill level 1 in Throwing
 14093 | D:15     | Found a staircase to the Depths.
 14493 | D:15     | Reached skill level 17 in Armour
 15006 | Orc:1    | Entered Level 1 of the Orcish Mines
 15245 | Orc:1    | Found a runed translucent gate.
 15246 | Orc:1    | Noticed bosakos's ghost (adept MiFi)
 15246 | Orc:1    | Found a runed translucent gate.
 15247 | Orc:1    | Found a runed translucent gate.
 15249 | Orc:1    | Identified the +2 plate armour "Foetomp" {rC- rN+ rCorr}
 15320 | Orc:1    | Reached XP level 14. HP: 67/120 MP: 13/13
 15700 | Orc:1    | Noticed an orc warlord
 15739 | Orc:1    | Killed an orc warlord
 16003 | Orc:2    | Entered Level 2 of the Orcish Mines
 16633 | Orc:2    | Found a staircase to the Elven Halls.
 16694 | Orc:2    | Reached skill level 5 in Throwing
 16712 | Orc:2    | Found a radiant altar of Vehumet.
 16902 | Orc:2    | Paralysed by an orc sorcerer for 2 turns
 16914 | Orc:2    | Reached skill level 10 in Shields
 17068 | Orc:2    | Found Eddolear's Distillery.
 17068 | Orc:2    | Found Duddot's Distillery.
 17070 | Orc:2    | Found Kiuwk's Distillery.
 17070 | Orc:2    | Found Ucaceimeo's Distillery.
 17084 | Orc:2    | Bought a potion of might for 60 gold pieces
 17084 | Orc:2    | Bought a potion of mutation for 120 gold pieces
 17084 | Orc:2    | Bought a potion of resistance for 150 gold pieces
 17084 | Orc:2    | Bought 2 potions of might for 120 gold pieces
 17084 | Orc:2    | Bought a potion of curing for 45 gold pieces
 17086 | Orc:2    | Bought a potion of haste for 150 gold pieces
 17086 | Orc:2    | Bought a potion of curing for 45 gold pieces
 17086 | Orc:2    | Bought a potion of might for 60 gold pieces
 17086 | Orc:2    | Bought a potion of might for 60 gold pieces
 17086 | Orc:2    | Bought 2 potions of mutation for 240 gold pieces
 17087 | Orc:2    | Bought a potion of flight for 51 gold pieces
 17087 | Orc:2    | Bought a potion of mutation for 136 gold pieces
 17087 | Orc:2    | Bought a potion of curing for 51 gold pieces
 17087 | Orc:2    | Bought a potion of might for 68 gold pieces
 17089 | Orc:2    | Bought a potion of curing for 42 gold pieces
 17089 | Orc:2    | Bought a potion of curing for 42 gold pieces
 17089 | Orc:2    | Bought a potion of invisibility for 112 gold pieces
 17089 | Orc:2    | Bought a potion of heal wounds for 70 gold pieces
 17089 | Orc:2    | Bought a potion of curing for 42 gold pieces
 17089 | Orc:2    | Bought a potion of might for 56 gold pieces
 17631 | Orc:2    | Paralysed by an orc sorcerer for 5 turns
 18018 | Orc:2    | Bought a potion of mutation for 112 gold pieces
 18193 | Orc:1    | Killed bosakos's ghost
 18449 | Orc:1    | Identified the +2 hat of Midnight {*Corrode rElec rPois
                  | Int+6}
 18537 | Lair:1   | Entered Level 1 of the Lair of Beasts
 20861 | Lair:2   | Reached XP level 15. HP: 130/139 MP: 14/14
 21082 | Lair:3   | Found a staircase to the Snake Pit.
 21634 | Lair:3   | Found a staircase to the Swamp.
 22258 | Lair:3   | Reached skill level 18 in Armour
 22769 | Lair:4   | Identified the +8 demon trident "Impslayer" {heavy, *Noise
                  | Fly rElec rPois} (Trog gifted it to you on level 4 of the
                  | Lair of Beasts)
 22769 | Lair:4   | Received a gift from Trog
 23255 | Lair:4   | Found a viscous altar of Jiyva.
 23255 | Lair:4   | Found a staircase to the Slime Pits.
 23940 | Lair:5   | Entered Level 5 of the Lair of Beasts
 23966 | Lair:5   | Noticed Urug
 23974 | Lair:5   | Killed Urug
 24021 | Lair:5   | Reached skill level 15 in Fighting
 24036 | Lair:5   | Noticed Sonja
 24043 | Lair:5   | Killed Sonja
 24467 | Lair:5   | Got Holamoz's Grimoire of the Legion
 25195 | D:9      | Bought a cloak for 103 gold pieces
 25323 | Swamp:1  | Entered Level 1 of the Swamp
 25766 | Swamp:1  | Reached skill level 1 in Polearms
 25787 | Swamp:1  | Noticed a thorn hunter
 25802 | Swamp:1  | Killed a thorn hunter
 25813 | Swamp:1  | Reached XP level 16. HP: 55/149 MP: 15/15
 26222 | Swamp:1  | Reached skill level 15 in Shields
 26899 | Depths:1 | Entered Level 1 of the Depths
 27762 | Depths:1 | Found a shimmering blue altar of Sif Muna.
 28007 | Depths:1 | Noticed a titan
 28018 | Depths:1 | Killed a titan
 28448 | Depths:1 | Found a gateway to Hell.
 28538 | Depths:1 | Got the Directory of Mercurial Damage
 29044 | Depths:1 | Reached skill level 10 in Throwing
 29507 | Depths:2 | Noticed a lich
 29528 | Depths:2 | Killed a lich
 29634 | Depths:2 | Found a stormy altar of Qazlal.
 29665 | Depths:2 | Noticed a lich
 29677 | Depths:2 | Killed a lich
 29747 | Depths:2 | Found a transporter.
 29748 | Depths:2 | Found a shimmering blue altar of Sif Muna.
 30161 | Depths:2 | Reached skill level 19 in Armour
 30434 | Depths:2 | Found a bloodstained altar of Trog.
 30550 | Depths:2 | Found a one-way gate leading to the halls of Pandemonium.
 30570 | Depths:2 | Gained mutation: You are frail. (-10% HP) [a neqoxec]
 30884 | Depths:2 | Reached XP level 17. HP: 78/141 MP: 16/16
 32297 | Depths:3 | Found an opulent altar of Gozag.
 33282 | Depths:3 | Slain by a spriggan berserker

Illustrated notes

Levels and vault maps discovered:
D:1:      ldierk_walled_garden, layout_loops_corners
D:2:      layout_basic, ebering_ecumenical_altar_rust, serial_rivers,
          chequers_serial_rivers_small_a, chequers_serial_rivers_small_3,
          chequers_serial_rivers_micro_b, chequers_serial_rivers_micro_e,
          chequers_serial_rivers_small_b, chequers_serial_rivers_micro_c
D:3:      layout_basic, mainiacjoe_overflow_24_doors,
          minmay_misc_feat_nine_boxes
D:4:      layout_gridville, mainiacjoe_overflow_surrounded_room, uniq_duvessa,
          uniq_menkaure
D:5:      layout_rooms, gammafunk_temple_overflow_statue,
          gammafunk_ghost_stat_death, uniq_grinder
D:6:      wad_woods_settlement, layout_gridville,
          minmay_temple_entry_nine_rooms, lemuel_flame_loot_1
D:7:      layout_basic, serial_shops, nicolae_shop_statue_plus, st_stairs_12
D:8:      layout_loops_ring, amcnicky_mini_rare_corridor_liquid, minmay_radiant
D:9:      layout_roguey [special_room_kobold], hiddenorc2_lemuel, serial_shops,
          nicolae_diamond_shop, nicolae_shop_behind_doors, shop,
          kennysheep_little_box, shop
D:10:     layout_rooms, lair_entry_dummy, uniq_joseph
D:11:     layout_basic, uniq_erolcha
D:12:     layout_irregular_city
D:13:     layout_cave_pools, ximxim_vaults_locker_room
D:14:     layout_grid_maze, gauntlet_entry_generic,
          infiniplex_staircase_door_maze, nemelex_spade_bored_becter
D:15:     gammafunk_depths_entry_grave, layout_rooms, bh_walls_and_bars,
          nicolae_ru_great_annihilating_truth
Lair:1:   layout_chaotic_city, worms_lemuel
Lair:2:   layout_chaotic_city, grunt_megastairs_3
Lair:3:   layout_regular_city, palyth_hydra_swamp_entry,
          minmay_snake_entry_six_corridors, hangedman_lair_generics_rect
Lair:4:   layout_hall_layers, slime_entry_1
Lair:5:   gammafunk_lair_ancient_temple, layout_loops_ring,
          portal_ice_cave_rime, serial_bayou_shore_b, uniq_urug, uniq_sonja
Swamp:1:  layout_falls_marsh, nicolae_swamp_ascending_descending, swamp_pool1,
          infiniplex_staircase_pool
Orc:1:    layout_caves, basic_altar, biasface_ghost_orc_armoury,
          nicolae_orc_flooded_monolith
Orc:2:    grunt_orc_tribal_feast, layout_caves, basic_altar, minmay_orc_temple_c
Depths:1: layout_long_grid, hell_entry, nicolae_sif_muna_condensation,
          dreamdust_looks_like_rain, nicolae_triple_integral, grunt_megastairs_5
Depths:2: gammafunk_sealed_library, layout_basic, rand_demon_pan_entry_9,
          hell_entry, trog_three_pillars_becter,
          nicolae_qazlal_general_emergency, infiniplex_staircase_pool_1,
          serial_bayou_shore_b
Depths:3: thingy_vault, layout_gridlike, enter_ziggurat_e, abyss_entry,
          pan_entry, chequers_serial_rivers_micro_e, grunt_metal_band,
          nicolae_gozag_cash_rules_everything_around_me,
          infiniplex_staircase_pillars_1, uniq_margery

Skill      XL: |  1  2  3  4  5  6  7  8  9 10 11 12 13 14 15 16 17 |
---------------+----------------------------------------------------+-----
Fighting       | 4 5 6 7 9 11 12 13 14 15 16 | 16.3
Maces & Flails | 4 5 6 7 8 10 12 13 14 15 16 17 | 17.0
Dodging        | 3 4 5 6 |  6.9
Armour         | 3 4 5 6 8 10 12 16 17 18 19 | 19.4
Stealth        | 1 2 |  2.8
Shields        | 8 12 14 16 17 | 17.8
Throwing       | 4 6 8 10 | 10.9
Polearms       | 2 4 |  4.1

Action                   |  1- 3 |  4- 6 |  7- 9 | 10-12 | 13-15 | 16-18 || total
-------------------------+-------+-------+-------+-------+-------+-------++-------
Melee: Mace              |    78 |    97 |    46 |       |       |       ||   221
       Headbutt          |     8 |    14 |    37 |   113 |   372 |   230 ||   774
       Whip              |       |       |   157 |   487 |  1304 |   700 ||  2648
       Punch             |       |       |     1 |     8 |       |       ||     9
       Demon trident     |       |       |       |       |    53 |    28 ||    81
Throw: Dart              |       |       |       |     4 |   429 |   202 ||   635
Invok: Berserk           |     1 |     1 |     3 |     7 |    19 |    15 ||    46
       Trog's Hand       |       |     1 |       |     1 |     8 |     2 ||    12
       Brothers in Arms  |       |       |       |     3 |    14 |     3 ||    20
  Use: Potion            |       |     7 |     1 |     5 |    16 |    10 ||    39
       Scroll            |       |     4 |     2 |    16 |    11 |     9 ||    42
 Stab: Sleeping          |     1 |       |       |       |       |       ||     1
Armor: Animal skin       |    14 |       |       |       |       |       ||    14
       Chain mail        |       |    14 |       |       |       |       ||    14
       Plate armour      |       |    77 |   122 |   324 |   914 |   449 ||  1886
       Skin              |       |    46 |       |       |       |       ||    46
Dodge: Dodged            |    57 |    41 |    86 |   264 |   492 |   284 ||  1224
Block: Tower shield      |       |       |       |    28 |  1592 |   931 ||  2551

Table legend: (Time is in decaauts)
 A = Elapsed time spent in this place.
 B = Non-inter-level travel time spent in this place.
 C = Inter-level travel time spent in this place.
 D = Time resting spent in this place.
 E = Time spent auto-exploring this place.
 F = Levels seen in this place.
 G = Mean time per level.
                   A        B        C        D        E       F      G
               +--------+--------+--------+--------+--------+-----+--------+
         Total |  33599 |  31800 |   1799 |      0 |  25674 |  27 | 1244.4 |
       Dungeon |  15358 |  14388 |    970 |      0 |  11938 |  15 | 1023.9 |
          Lair |   6935 |   6636 |    299 |      0 |   5416 |   5 | 1387.0 |
         Swamp |   1295 |   1236 |     59 |      0 |    950 |   1 | 1295.0 |
  Orcish Mines |   3520 |   3199 |    321 |      0 |   2320 |   2 | 1760.0 |
        Depths |   6414 |   6266 |    148 |      0 |   5048 |   3 | 2138.0 |
         Abyss |     74 |     74 |      0 |      0 |      0 |   1 |   74.0 |
               +--------+--------+--------+--------+--------+-----+--------+

Top non-repeatable levels by time:
Depths:2: 2802 daAuts
Depths:1: 2581 daAuts
   Orc:2: 2079 daAuts
  Lair:3: 1905 daAuts
    D:14: 1629 daAuts
   Orc:1: 1441 daAuts
    D:15: 1433 daAuts
  Lair:1: 1404 daAuts
 Swamp:1: 1295 daAuts
    D:13: 1285 daAuts
  Lair:2: 1253 daAuts
     D:9: 1241 daAuts
     D:2: 1208 daAuts
  Lair:4: 1188 daAuts
    D:11: 1188 daAuts
